 Dungeon Crawl Stone Soup version 0.16-b1 (webtiles) character file.

148 Medar the Cutter (level 5, -1/30 HPs)
             Began as a Kobold Skald on Mar 15, 2015.
             Killed from afar by an orc wizard (3 damage)
             ... with a magic dart
             ... on level 3 of the Dungeon.
             The game lasted 00:14:38 (4467 turns).

Medar the Cutter (Kobold Skald)                     Turns: 4467, Time: 00:14:38

Health: -1/30      AC:  4    Str: 12    XL:     5   Next: 56%
Magic:  6/10       EV: 13    Int: 11    God:
Gold:   149        SH:  0    Dex: 16    Spells: 4 memorised, 1 level left

rFire  . . .     SeeInvis .     a - +0 short sword
rCold  . . .     Clarity  .     b - +0 leather armour
rNeg   . . .     SustAb   .     (no shield)
rPois  .         Gourm    .     (no helmet)
rElec  .         Spirit   .     (no cloak)
rCorr  .         Warding  .     (no gloves)
rMut   .         Stasis   .     e - +0 pair of boots
MR     .....                    (no amulet)
Stlth  +.........               m - +2 ring of strength
                                k - ring of wizardry

@: shrouded, infused (expiring), very slightly contaminated, not resistant to
hostile enchantments, very unstealthy
A: carnivore 3
a: no special abilities


You were on level 3 of the Dungeon.
You were not hungry.

You visited 1 branch of the dungeon, and saw 4 of its levels.

You collected 149 gold pieces.

Inventory:

Hand weapons
 a - a +0 short sword (weapon)
Missiles
 s - 12 poisoned needles
Armour
 b - a +0 leather armour (worn)
 e - a +0 pair of boots (worn)
Jewellery
 g - a +1 ring of protection
 k - a ring of wizardry (left hand)
 m - a +2 ring of strength (right hand)
Scrolls
 h - a scroll of magic mapping {unknown}
 i - a scroll of teleportation {unknown}
 n - a scroll of recharging {unknown}
 o - a scroll of identify {@r2}
 p - a scroll of noise
 q - a scroll of remove curse {unknown}
Potions
 f - a potion of haste
Books
 c - a book of Battle

   Spells                             Type                      Level
   a - Infusion                       Charms                       1
   b - Shroud of Golubria             Charms/Translocation         2
   c - Song of Slaying                Charms                       2
   d - Spectral Weapon                Hexes/Charms                 3
   e - Regeneration                   Charms/Necromancy            3
Comestibles
 d - 3 meat rations
 l - a slice of pizza


   Skills:
 - Level 2.1 Fighting
 + Level 5.1 Short Blades
 - Level 0.7 Armour
 - Level 1.2 Dodging
 + Level 2.9 Spellcasting
 + Level 0.6 Hexes
 + Level 3.0 Charms
 - Level 1.0 Translocations


You had one spell level left.
You knew the following spells:

 Your Spells              Type           Power        Failure   Level  Hunger
d - Song of Slaying       Chrm           #.......     7%          2    ###....
f - Spectral Weapon       Hex/Chrm       #.......     22%         3    ###....
s - Infusion              Chrm           #.....       4%          1    #......
t - Shroud of Golubria    Chrm/Tloc      #.........   10%         2    ###....


Dungeon Overview and Level Annotations

Branches:
Dungeon (4/15)
 Temple: D:4-7

Altars:
Okawaru


Innate Abilities, Weirdness & Mutations

You are small and have problems with some larger weapons.
You are carnivorous and can eat meat at any time.


Message History

Okay, then.
Read which item? (? for menu, Esc to quit)
Okay, then.
Drink which item? (? for menu, Esc to quit)
Okay, then.
Fire/throw which item? (* to show all) (? for menu, Esc to quit)
Press: ? - help, Shift-Dir - straight line, f - orc wizard
Aim: an orc wizard, wielding a dagger and wearing a robe You throw a throwing net {=f =F}.
The throwing net {=f =F} barely misses the orc wizard.
Your shroud unravels.
Your magical infusion is running out.
The orc wizard closely misses you.
Drink which item? (? for menu, Esc to quit)
Okay, then.
Casting: Shroud of Golubria
Confirm with . or Enter, or press ? or * to list all spells.
Space distorts slightly along a thin shroud covering your body.
The orc wizard casts a spell at you. The magic dart hits you!
You die...

#.......'....(....'...........
####....####.........####...##.##
#........# ##.......## ##.##..#
#.##.###.# ##..)..## ####<##
#.##.###.# ##...## #.# .........#
##'## #.# ..##.###.# #.# #.#
.........# #o# #.# .###.###.##
##@## #.# .# #......#####..)##
#^# .# #####...........# #.#
.#######.######...## #.#
.........# ##.############.#
########## #..............#
################


You could see an orc wizard.

Vanquished Creatures
  An orc priest (D:3)
  3 gnolls
  3 adders
  A worm (D:2)
  An adder skeleton (D:4)
  2 giant geckos
  2 ball pythons (D:1)
  8 goblins
  4 hobgoblins (D:1)
  3 jackals (D:3)
  2 oozes (D:1)
  A quokka (D:3)
  8 bats
  5 giant cockroaches
  3 giant newts
  11 kobolds
  3 rats
61 creatures vanquished.

Notes
Turn   | Place    | Note
--------------------------------------------------------------
     0 | D:1      | Medar, the Kobold Skald, began the quest for the Orb.
     0 | D:1      | Reached XP level 1. HP: 12/12 MP: 3/3
   151 | D:1      | Reached skill level 3 in Short Blades
   177 | D:1      | Reached XP level 2. HP: 15/17 MP: 0/4
   222 | D:1      | Learned a level 2 spell: Shroud of Golubria
   582 | D:1      | Reached skill level 4 in Short Blades
  1125 | D:1      | Reached XP level 3. HP: 21/21 MP: 4/6
  1339 | D:1      | Found an iron altar of Okawaru.
  1608 | D:2      | Reached skill level 1 in Translocations
  2600 | D:3      | Reached XP level 4. HP: 24/26 MP: 0/7
  2720 | D:3      | Learned a level 2 spell: Song of Slaying
  3483 | D:3      | Reached XP level 5. HP: 27/30 MP: 1/9
  3752 | D:4      | Learned a level 3 spell: Spectral Weapon
  3799 | D:4      | Reached skill level 5 in Short Blades
  3811 | D:4      | Noticed a phantom
  4467 | D:3      | Killed from afar by an orc wizard

Action                   |  1- 3 |  4- 6 || total
-------------------------+-------+-------++-------
Melee: Short sword       |   147 |   137 ||   284
Throw: Throwing net      |       |     1 ||     1
 Cast: Infusion          |    17 |    10 ||    27
       Shroud of Golubri |     5 |     9 ||    14
  Use: Scroll            |     2 |     4 ||     6
       Potion            |       |     1 ||     1
 Stab: Sleeping          |     1 |       ||     1
  Eat: Chunk             |    15 |     2 ||    17
